 Dungeon Crawl Stone Soup version 0.20-a0-1016-g241539b (webtiles) character file.

68922 JeffiDaFish the Warrior (level 15, -22/103 HPs)
             Began as a Gargoyle Fighter on Apr 16, 2017.
             Was the Champion of Okawaru.
             Killed from afar by a fire giant (46 damage)
             ... with a bolt of fire
             ... on level 14 of the Dungeon.
             The game lasted 00:44:30 (20020 turns).

JeffiDaFish the Warrior (Gargoyle Fighter)         Turns: 20020, Time: 00:44:30

Health: -22/103    AC: 44    Str: 26    XL:     15   Next: 28%
Magic:  15/15      EV:  9    Int: 12    God:    Okawaru [******]
Gold:   784        SH: 19    Dex: 26    Spells: 14/14 levels left

rFire    x . .     SeeInvis +   y - +6 flail of Integrity {freeze, rElec rPois rF- Int+2}
rCold    . . .     Gourm    +   c - +4 shield
rNeg     + . .     Faith    .   C - +5 plate armour "Nomuix" {rF- Dex+10 SInv Stlth+}
rPois    ∞         Spirit   .   r - +0 hat
rElec    +         Reflect  .   i - +2 cloak
rCorr    .         Harm     .   m - +2 pair of gloves
MR       +....                  h - +2 pair of boots {Fly}
Stlth    ..........             a - amulet of the gourmand
Regen    0.3/turn               b - +6 ring of strength
MPRegen  0.2/turn               x - ring of protection from fire

@: flying, hasted, very quick
A: big wings, hooves 1, agile 1, mutation resistance 1, negative energy
resistance 1, electricity resistance, unbreathing, petrification resistance, rot
immunity, AC +11
a: Stop Flying, Heroism, Finesse, Renounce Religion


You were on level 14 of the Dungeon.
You worshipped Okawaru.
Okawaru was exalted by your worship.
You were full.

You visited 3 branches of the dungeon, and saw 21 of its levels.
You visited 1 bazaar.

You collected 1134 gold pieces.
You spent 350 gold pieces at shops.

Inventory:

Hand Weapons
 y - the +6 flail of Integrity (weapon) {freeze, rElec rPois rF- Int+2}
   (Okawaru gifted it to you on level 4 of the Lair of Beasts)

   It has been specially enchanted to freeze those struck by it, causing extra
   injury to most foes and up to half again as much damage against particularly
   susceptible opponents.
   It can also slow down cold-blooded creatures.
   It affects your intelligence (+2).
   It makes you vulnerable to fire.
   It insulates you from electricity.
   It protects you from poison.
 H - a cursed +6 morningstar
Armour
 c - a +4 shield (worn)
 h - a +2 pair of boots of flying (worn)
 i - a +2 cloak (worn)
 m - a +2 pair of gloves (worn)
 r - a +0 hat (worn)
 C - the +5 plate armour "Nomuix" (worn) {rF- Dex+10 SInv Stlth+}
   (Okawaru gifted it to you on level 2 of the Lair of Beasts)

   It affects your dexterity (+10).
   It makes you vulnerable to fire.
   It lets you see invisible.
   It makes you more stealthy.
Jewellery
 a - an amulet of the gourmand (around neck)
 b - a +6 ring of strength (left hand)
 x - a ring of protection from fire (right hand)
 A - an uncursed ring of resist corrosion
Wands
 e - a wand of scattershot (1/9)
Scrolls
 d - 3 scrolls of remove curse
 j - 6 scrolls of identify
 o - 2 scrolls of teleportation
 q - 3 scrolls of blinking
 s - 7 scrolls of fear
 u - 3 scrolls of amnesia
 D - 3 scrolls of magic mapping
Potions
 k - 3 potions of brilliance
 t - 2 potions of agility
 E - a potion of cancellation
Comestibles
 f - 7 bread rations
 g - 9 royal jellies
 l - 17 fruits
 p - 8 meat rations


   Skills:
 * Level 15.3 Fighting
 + Level 12.7 Maces & Flails
 * Level 15.3 Armour
 - Level 1.8 Dodging
 - Level 0.5 Stealth
 + Level 13.0 Shields


You had 14 spell levels left.
You didn't know any spells.

Dungeon Overview and Level Annotations

Branches:
Dungeon (14/15)            Temple (1/1) D:6            Lair (6/6) D:10
 Shoals (0/4) Lair:4       Spider (0/4) Lair:4        Slime (0/5) Lair:5
    Orc (0/2) D:10         Vaults (0/5) D:13

Altars:
Ashenzari
Dithmenos
Elyvilon
Fedhas
Gozag
Hepliaklqana
Kikubaaqudgha
Makhleb
Okawaru
Sif Muna
Trog
Xom
Yredelemnul
Zin
Jiyva
Lugonu

Shops:
D:2 *   D:11 }   D:13 =([

Portals:
Hell: Lair:6

Annotations:
Lair:3 exclusion: 3 oklob plants


Innate Abilities, Weirdness & Mutations

You are resistant to torment.
Your stone body is resilient. (AC +11)
You are immune to poison.
Your large and strong wings let you fly indefinitely.
You resist negative energy. (rN+)
You are resistant to electric shocks. (rElec)
You can survive without breathing.
You are immune to petrification.
You are immune to rotting.
You have large cloven feet.
You are agile. (Dex +2)
You are somewhat resistant to further mutation.


Message History

The fire giant gestures at you while chanting.
The bolt of fire hits you! The fire burns you terribly!
You barely miss the sphinx.
The sphinx is lightly wounded.
You are engulfed in a cloud of scalding steam.
The sphinx hits you. You block the sphinx's attack. x2
The fire giant hits you with a great sword of flaming!
The fire giant burns you.
Unknown command.
You sock the sphinx! You freeze the sphinx.
The sphinx is moderately wounded.
You are engulfed in a cloud of scalding steam.
You block the sphinx's attack. The sphinx hits you but does no damage.
The sphinx hits you.
You feel yourself speed up.
You are engulfed in a cloud of scalding steam.
* * * LOW HITPOINT WARNING * * *
The fire giant gestures at you while chanting.
The bolt of fire hits you! The fire burns you terribly!
You die...

#≈≈≈...# #≈≈≈...# .
####≈≈....# #.
##≈≈≈≈≈....# #.
##≈≈≈≈≈[...## #..
#≈≈≈≈≈.....# #...
#≈≈≈≈......#
≈###.W###≈≈≈......##
≈≈≈≈.pH@≈≈........#
...≈..C..........##
................##
..............###
...........####
############


You could see a fire giant, a sphinx, a phantasmal warrior and a wizard.

Vanquished Creatures
  Agnes (D:14)
  Nessos (D:14)
  The ghost of Griselidis the Grappler, a journeyman TrFi of Uskayaw (Lair:2)
  5 vault guards (D:13)
  10 hydras
  2 centaur warriors (D:13)
  An ogre mage (D:13)
  6 two-headed ogres
  A tengu warrior (D:13)
  A deep elf knight (D:13)
  Urug (Lair:5)
  A sun demon (Lair:6)
  A wizard (Lair:6)
  2 unseen horrors
  2 oklob plants (Lair:4)
  6 ugly things
  2 manticores
  A deep elf mage (D:12)
  A cyclops (D:13)
  3 slime creatures (D:12)
  5 black mambas
  A merfolk siren (Lair:4)
  A centaur zombie (D:13)
  6 spiny frogs
  A smoke demon (Lair:6)
  Joseph (Lair:1)
  An orange demon (Lair:6)
  A gargoyle (D:13)
  3 kobold demonologists (D:11)
  7 komodo dragons
  A demonic crawler (Lair:4)
  A yaktaur (D:13)
  4 rime drakes
  2 red devils (Lair:6)
  3 ice devils (Lair:6)
  A tengu conjurer (D:13)
  3 trolls
  2 polar bears (Lair:6)
  12 blink frogs
  18 dream sheep (Lair:6)
  6 hippogriffs
  Sigmund (D:2)
  A centaur simulacrum (D:14)
  2 water elementals (D:14)
  6 wyverns
  A shadow (D:12)
  48 yaks
  4 basilisks
  3 hungry ghosts
  Edmund (D:6)
  6 hell hounds
  A floating eye (shapeshifter) (D:13)
  9 water moccasins
  10 porcupines
  A black bear (D:11)
  5 orc warriors
  4 ice beasts
  A hornet zombie (D:9)
  6 sky beasts
  2 phantoms
  11 ogres
  2 necrophages
  10 centaurs
  2 wolves (Lair:6)
  19 crocodiles
  A big kobold (D:13)
  A wyvern zombie (D:12)
  14 bullfrogs
  13 scorpions
  A water moccasin skeleton (D:7)
  14 wights
  3 killer bees (D:12)
  5 electric eels
  3 crimson imps
  A lava snake (Lair:4)
  3 hounds
  Crazy Yiuf (D:2)
  4 jellies
  14 orc wizards
  A bullfrog skeleton (D:7)
  4 centaur skeletons
  A gnoll shaman (D:8)
  8 orc priests
  3 iguanas
  13 worker ants
  A hound zombie (D:8)
  A hound skeleton (D:9)
  12 gnolls
  15 adders
  A howler monkey skeleton (D:7)
  A shadow imp (D:13)
  An adder zombie (D:6)
  5 worms
  A dart slug (D:1)
  8 leopard geckos
  40 orcs
  11 giant cockroaches
  7 goblins
  4 hobgoblins
  11 jackals
  A quokka (D:8)
  A ball python (D:3)
  11 bats
  8 frilled lizards
  11 kobolds
  6 rats
  A fungus (D:9)
551 creatures vanquished.

Vanquished Creatures (others)
  A demonic plant (D:11)
  5 fungi
  3 plants
9 creatures vanquished.

Grand Total: 560 creatures vanquished

Notes
Turn   | Place    | Note
-------+----------+-------------------------------------------
     0 | D:1      | JeffiDaFish the Gargoyle Fighter began the quest for the Orb.
     0 | D:1      | Reached XP level 1. HP: 14/14 MP: 1/1
    95 | D:1      | Reached XP level 2. HP: 19/19 MP: 2/2
   796 | D:1      | Reached XP level 3. HP: 23/23 MP: 3/3
  1047 | D:2      | Found an opulent altar of Gozag.
  1051 | D:2      | Found Gozag's Platinum Reserve.
  1098 | D:2      | Found a shadowy altar of Dithmenos.
  1190 | D:2      | Noticed Sigmund
  1468 | D:2      | Found a runed door.
  1472 | D:2      | Noticed Crazy Yiuf
  1490 | D:2      | Killed Crazy Yiuf
  1490 | D:2      | Reached XP level 4. HP: 10/29 MP: 4/4
  1883 | D:2      | Killed Sigmund
  1883 | D:2      | Reached skill level 5 in Shields
  1883 | D:2      | Reached XP level 5. HP: 33/33 MP: 5/5
  1883 | D:2      | Reached XP level 6. HP: 38/38 MP: 6/6
  2009 | D:3      | Found a faded altar of an unknown god.
  2236 | D:3      | Reached skill level 1 in Dodging
  2794 | D:4      | You fall through a shaft for 3 floors!
  2812 | D:7      | Reached XP level 7. HP: 34/43 MP: 7/7
  3070 | D:7      | Reached skill level 5 in Maces & Flails
  3070 | D:7      | Reached skill level 5 in Armour
  3220 | D:7      | Found a deep blue altar of Sif Muna.
  3231 | D:7      | Noticed a hippogriff
  3234 | D:7      | Noticed a yak
  3238 | D:7      | Noticed a yak
  3241 | D:7      | Noticed a yak
  3402 | D:6      | Found a white marble altar of Elyvilon.
  3477 | D:6      | Found a staircase to the Ecumenical Temple.
  3526 | Temple   | Entered the Ecumenical Temple
  3536 | Temple   | Became a worshipper of Warmaster Okawaru
  3559 | D:6      | Reached XP level 8. HP: 48/48 MP: 8/8
  3623 | D:5      | Entered Level 5 of the Dungeon
  3945 | D:5      | Found a shattered altar of Ashenzari.
  4202 | D:6      | Reached * piety under Okawaru
  4204 | D:6      | Found a shimmering altar of Xom.
  4208 | D:6      | Noticed an angel
  4212 | D:6      | Found a glowing silver altar of Zin.
  4434 | D:6      | Noticed Edmund
  4449 | D:6      | Killed Edmund
  4449 | D:6      | Reached skill level 5 in Fighting
  4572 | D:6      | HP: 1/49 [orc priest/divine providence (12)]
  5013 | D:6      | Reached XP level 9. HP: 15/54 MP: 9/9
  5473 | D:7      | Reached ** piety under Okawaru
  6169 | D:8      | Reached *** piety under Okawaru
  6409 | D:8      | Reached XP level 10. HP: 21/61 MP: 10/10
  7138 | D:9      | Found a burning altar of Makhleb.
  7143 | D:9      | Found a bloodstained altar of Trog.
  7143 | D:9      | Found a blossoming altar of Fedhas.
  7268 | D:9      | Reached **** piety under Okawaru
  7842 | D:10     | Entered Level 10 of the Dungeon
  7859 | D:10     | Found a staircase to the Orcish Mines.
  8039 | D:10     | Noticed a two-headed ogre
  8059 | D:10     | Killed a two-headed ogre
  8110 | D:10     | Noticed a two-headed ogre
  8123 | D:10     | Killed a two-headed ogre
  8123 | D:10     | Reached ***** piety under Okawaru
  8298 | D:10     | Noticed a two-headed ogre
  8309 | D:10     | Found a staircase to the Lair.
  8595 | D:11     | Killed a two-headed ogre
  8595 | D:11     | Received a gift from Okawaru
  8595 | D:11     | Reached XP level 11. HP: 69/69 MP: 11/11
  9449 | Lair:1   | Entered Level 1 of the Lair of Beasts
  9583 | Lair:1   | Noticed Joseph
  9602 | Lair:1   | Killed Joseph
  9602 | Lair:1   | Reached skill level 10 in Armour
 10056 | Lair:2   | Noticed Griselidis's ghost (journeyman TrFi)
 10095 | Lair:2   | Killed Griselidis's ghost
 10095 | Lair:2   | Reached skill level 10 in Fighting
 10095 | Lair:2   | Reached skill level 10 in Maces & Flails
 10095 | Lair:2   | Reached skill level 10 in Shields
 10665 | Lair:2   | Received a gift from Okawaru
 10668 | Lair:2   | Got a distressingly furry plate armour {god gift}
 10679 | Lair:2   | Identified the +5 plate armour "Nomuix" {rF- Dex+10 SInv Stlth+} (Okawaru gifted it to you on level 2 of the Lair of Beasts)
 10986 | Lair:3   | Reached XP level 12. HP: 55/79 MP: 12/12
 11279 | Lair:3   | Noticed an eight-headed hydra
 11315 | Lair:2   | Killed an eight-headed hydra
 12327 | Lair:4   | Noticed a seven-headed hydra
 12345 | Lair:4   | Killed a seven-headed hydra
 12587 | Lair:4   | Noticed a six-headed hydra
 12596 | Lair:4   | Killed a six-headed hydra
 12649 | Lair:4   | Found a staircase to the Shoals.
 12731 | Lair:4   | Found a hole to the Spider Nest.
 12736 | Lair:4   | Noticed a seven-headed hydra
 12761 | Lair:4   | Killed a seven-headed hydra
 12932 | Lair:4   | Gained mutation: You are agile. (Dex +2) [potion of mutation]
 12932 | Lair:4   | Gained mutation: You have large cloven feet. [potion of mutation]
 12932 | Lair:4   | Gained mutation: You are somewhat resistant to further mutation. [potion of mutation]
 13652 | Lair:4   | Received a gift from Okawaru
 13655 | Lair:4   | Got a bloodstained flail {god gift}
 13656 | Lair:4   | Identified the +6 flail of Integrity {freeze, rElec rPois rF- Int+2} (Okawaru gifted it to you on level 4 of the Lair of Beasts)
 13740 | Lair:4   | Noticed a four-headed hydra
 13748 | Lair:4   | Killed a four-headed hydra
 14039 | Lair:5   | Reached XP level 13. HP: 79/86 MP: 13/13
 14201 | Lair:5   | Found a viscous altar of Jiyva.
 14201 | Lair:5   | Found a staircase to the Slime Pits.
 14444 | Lair:5   | Noticed Urug
 14460 | Lair:5   | Killed Urug
 14865 | Lair:6   | Entered Level 6 of the Lair of Beasts
 14905 | Lair:6   | Received a gift from Okawaru
 15822 | Lair:6   | Reached ****** piety under Okawaru
 15890 | Lair:6   | Received a gift from Okawaru
 15897 | Lair:6   | Found a burning altar of Makhleb.
 15922 | Lair:6   | HP: 3/88 [sun demon (25)]
 15930 | Lair:6   | Gained mutation: Your large and strong wings let you fly indefinitely. [Gargoyle growth]
 15930 | Lair:6   | Reached XP level 14. HP: 39/94 MP: 14/14
 15945 | Lair:6   | HP: 1/94 [ice devil (19)]
 16667 | Lair:6   | Found a gateway to Hell.
 17049 | D:11     | Found a corrupted altar of Lugonu.
 17139 | D:11     | Found Neosh's Gadget Shop.
 17646 | D:12     | Received a gift from Okawaru
 18499 | D:13     | Found Qifopoak's Jewellery Shop.
 18542 | D:13     | Bought an uncursed ring of protection from fire for 350 gold pieces
 18545 | D:13     | Found a flickering gateway to a bazaar.
 18614 | Bazaar   | Entered a bazaar
 18621 | Bazaar   | Found Buptogosk's Jewellery Shop.
 18621 | Bazaar   | Found Cushreff's Book Boutique.
 18760 | D:13     | Found Puca's Weapon Boutique.
 18770 | D:13     | Received a gift from Okawaru
 19170 | D:13     | Found Rizeesty's Antique Armour Boutique.
 19233 | D:13     | Reached skill level 15 in Armour
 19233 | D:13     | Reached XP level 15. HP: 101/101 MP: 15/15
 19313 | D:13     | Found a gate to the Vaults.
 19320 | D:13     | Received a gift from Okawaru
 19320 | D:13     | Reached skill level 15 in Fighting
 19668 | D:14     | Noticed Nessos
 19686 | D:14     | Killed Nessos
 19799 | D:14     | Noticed Agnes
 19822 | D:14     | Killed Agnes
 20002 | D:14     | Paralysed by a wizard for 7 turns
 20005 | D:14     | Noticed a sphinx
 20006 | D:14     | Noticed a fire giant
 20020 | D:14     | Killed from afar by a fire giant

Vault maps used:
D:1:      minmay_arrival_shattered_statue, minmay_door_square
D:2:      nicolae_dithmenos_through_a_glass_darkly,
          nicolae_gozag_zags_fifth_avenue, first_bread, uniq_crazy_yiuf_cottage,
          uniq_sigmund
D:3:      chequers_ecumenical_altar_island, minmay_tree_intersection
D:4:      kennysheep_little_box, lemuel_crystal_altar, uniq_natasha
D:5:      nicolae_overflow_hidden_temple
D:6:      grunt_temple_overflow_order_and_chaos_1, elyvilon_altar_5,
          temple_green, uniq_edmund
D:7:      led_sif_pool
D:9:      old_forge, grunt_temple_overflow_open
D:10:     minmay_lair_entry_lava
D:11:     kennysheep_kobold_lugonu_temple, serial_shops, shop_fountains
D:13:     grunt_vaults_entry_fortified, serial_shops, bzr_entry_islet,
          shop_statue, nicolae_shop_trees, shop
D:14:     cross_vault, hangedman_fish_farm, uniq_josephine, uniq_nessos,
          uniq_agnes
Temple:   eino_wide_crystal_templ
Lair:1:   uniq_joseph
Lair:3:   nicolae_lair_grove_arrangements, lemuel_fruit_tree,
          minmay_lair_oklob_chamber
Lair:4:   dpeg_oklob_gauntlet, elwin_shoals_entry_rooms,
          nicolae_spider_entry_non_spiders
Lair:5:   slime_altar_1, serial_bayou_shore_b, uniq_urug
Lair:6:   evil_forest, grunt_megastairs_5, lemuel_fruit_fields
Bazaar:   bazaar_mystics

Skill      XL: |  1  2  3  4  5  6  7  8  9 10 11 12 13 14 15 |
---------------+----------------------------------------------+-----
Shields        | 4 5 6 7 8 9 10 11 12 13 | 13.0
Armour         | 4 5 7 9 10 12 13 15 | 15.3
Fighting       | 4 5 6 8 10 12 13 14 15 | 15.3
Maces & Flails | 3 4 5 7 8 9 10 11 12 | 12.7
Dodging        | 1 |  1.8
Stealth        | |  0.5

Action                   |  1- 3 |  4- 6 |  7- 9 | 10-12 | 13-15 || total
-------------------------+-------+-------+-------+-------+-------++-------
Melee: Flail             |   147 |    91 |       |    38 |  1001 ||  1277
       Morningstar       |       |   110 |   651 |   979 |   156 ||  1896
  Use: Potion            |     2 |     2 |    11 |     7 |     7 ||    29
       Scroll            |     6 |     2 |     6 |    22 |    10 ||    46
 Stab: Invisible         |       |       |       |     1 |       ||     1
       Held in net/web   |       |       |       |     1 |       ||     1
  Eat: Chunk             |     2 |     5 |    12 |    35 |    24 ||    78
       Meat ration       |       |       |     1 |       |       ||     1
       Bread ration      |       |       |     1 |       |       ||     1
Armor: Scale mail        |    94 |   131 |    86 |       |       ||   311
       Chain mail        |       |       |    67 |       |       ||    67
       Plate armour      |       |       |   242 |   721 |   563 ||  1526
Dodge: Dodged            |    45 |   103 |   205 |   297 |   269 ||   919
Block: Shield            |    91 |   160 |   395 |   788 |   964 ||  2398
